cohdb
Replays
Latest Replays
All Replays
Popular Replays
Top Player Replays
Match Explorer
How It Works
Community
CoH3 Stats
Reddit
Sign in to upload your games and track your stats! →
Sign in with Steam
Match 45434662
Unlisted
Match 45434662
Overview
Messages
Build Orders
End
Kradschützen Motorcycle Team
Panzergrenadier Squad
250 Light Carrier
Construct Light Support Kompanie
MG34 Team
Fire Support Elements
Selects Panzerjäger Kommand Battlegroup
Panzerjäger Squad
2.5-tonne Medical Truck
Selects Mine Fields
Selects Tank Busters
le.IG 18 Mechanized Group
Combat Half-tracks
Panzergrenadier Squad
Selects Crew Shock Tactics
Veteran Squad Leaders
Construct Panzerarmee Kommand
Walking Stuka Rocket Launcher
Panzer III L Medium Tank
Panzerpioneer Squad
Walking Stuka Rocket Launcher
Panzer III L Medium Tank
Panzerjäger Squad
Selects Elefant Tank Destroyer
Willbam
BICEPMACHINE
BACK SHOT
Pacifist
***Marshall***
S1L
Sultan c7ss
Jimmy
0
0
Comments
sign in to comment!
No comments posted yet!